 Dungeon Sprint DCSS version 0.25.1-2-g60ff931df9 (webtiles) character file.

Game seed: 5465753621915121021

1249 raphialitos the Fighter (level 8, 0/102 HPs)
             Began as an Ogre Berserker on Sept 29, 2020.
             Was a Priest of Trog.
             Slain by a demonic crawler (1 damage)
             ... in the Dungeon (Sprint I: "Red Sonja").
             The game lasted 00:03:21 (1038 turns).

raphialitos the Fighter (Ogre Berserker)            Turns: 1038, Time: 00:03:21

Health: 0/102      AC:  3    Str: 24    XL:     8   Next: 50%
Magic:  8/8        EV: 13    Int:  8    God:    Trog [***...]
Gold:   415        SH:  0    Dex:  8    Spells: 7/7 levels left

rFire    . . .     SeeInvis .   e - +3 halberd (flame)
rCold    . . .     Gourm    .   (shield currently unavailable)
rNeg     . . .     Faith    .   b - +0 animal skin
rPois    .         Spirit   .   (helmet restricted)
rElec    .         Reflect  .   (no cloak)
rCorr    .         Harm     .   (gloves unavailable)
MR       .....     NoTele   +   (boots unavailable)
Stlth    +.........             (no amulet)
HPRegen  0.27/turn              (no ring)
MPRegen  0.11/turn              (no ring)

@: no status effects
A: large, unfitting armour, tough skin 1
a: Berserk, Trog's Hand, Renounce Religion


You were in the Dungeon.
You worshipped Trog.
Trog was most pleased with you.
You were not hungry.

You visited 1 branch You collected 415 gold pieces.

Inventory:

Hand Weapons
 a - a +0 spear
 e - a +3 halberd of flaming (weapon)
 j - a +0 giant spiked club
Armour
 b - a +0 animal skin (worn)
Scrolls
 i - a scroll of blinking
Potions
 f - a potion of haste
 g - 2 potions of magic
 h - a potion of berserk rage


   Skills:
 + Level 13.4 Fighting
 + Level 3.5 Maces & Flails
 + Level 10.4 Polearms
 + Level 10.0 Dodging
 + Level 1.6 Stealth


You had 7 spell levels left.
You didn't know any spells.
Your spell library was empty.

Dungeon Overview and Level Annotations

Branches:
Dungeon (1/1)

Altars:
Cheibriados
Dithmenos
Elyvilon
Fedhas
Gozag
Hepliaklqana
Kikubaaqudgha
Makhleb
Nemelex Xobeh
Okawaru
Qazlal
Ru
Sif Muna
Trog
Uskayaw
Vehumet
Wu Jian
Xom
Yredelemnul
Zin
The Shining One
Jiyva
Lugonu

Shops:
D *


Innate Abilities, Weirdness & Mutations

You are too large for most types of armour.
You have tough skin. (AC +1)


Message History

You feel quite a bit more hungry.
You can no longer call in reinforcements.
The demonic crawler hits you.
* * * LOW HITPOINT WARNING * * *
The demonic crawler hits you.
* * * LOW HITPOINT WARNING * * *
The demonic crawler closely misses you. x2
The demonic crawler completely misses you.
The demonic crawler hits you.
* * * LOW HITPOINT WARNING * * *
You feel better. The demonic crawler hits you!
* * * LOW HITPOINT WARNING * * *
The demonic crawler hits you!
* * * LOW HITPOINT WARNING * * *
The demonic crawler misses you. The demonic crawler hits you.
* * * LOW HITPOINT WARNING * * *
The demonic crawler hits you.
* * * LOW HITPOINT WARNING * * *
The demonic crawler hits you.
You die...

###################
..#..'..#__#..'O..#
..').#..'..'..#.ss##+#
#'#####'#__####.@ss..#
..#...#.#### #####..+
###..##.#§§§ ##
__##'#_.'§§§
...÷..._#≈§§§
__##_.#+##+# __###+#
###


You could see 4 demonic crawlers and a friendly ogre (summoned, berserk).

Vanquished Creatures
  2 kobold demonologists (D)
  A slime creature (D)
  Sigmund (D)
  A yak (D)
  A floating eye (D)
  An ogre (D)
  A jelly (D)
  Ijyb (D)
9 creatures vanquished.

Vanquished Creatures (others)
  A gargoyle (D)
1 creature vanquished.

Grand Total: 10 creatures vanquished

Notes
Turn   | Place    | Note
-------+----------+-------------------------------------------
     0 | D        | raphialitos the Ogre Berserker began the quest for the Orb.
     0 | D        | Reached XP level 1. HP: 24/24 MP: 1/1
     1 | D        | Noticed Ijyb
    32 | D        | Killed Ijyb
    32 | D        | Reached skill level 5 in Fighting
    32 | D        | Reached XP level 2. HP: 9/36 MP: 2/2
    32 | D        | Reached XP level 3. HP: 11/44 MP: 3/3
   219 | D        | Killed a gargoyle
   264 | D        | Noticed an ogre
   274 | D        | Killed an ogre
   274 | D        | Reached skill level 8 in Fighting
   274 | D        | Reached skill level 5 in Polearms
   274 | D        | Reached skill level 5 in Dodging
   274 | D        | Reached XP level 4. HP: 57/57 MP: 4/4
   286 | D        | Noticed Sigmund
   297 | D        | Killed Sigmund
   297 | D        | Reached ** piety under Trog
   297 | D        | Reached skill level 10 in Fighting
   297 | D        | Reached XP level 5. HP: 29/68 MP: 5/5
   297 | D        | Reached XP level 6. HP: 33/78 MP: 6/6
   497 | D        | Found a shimmering blue altar of Sif Muna.
   499 | D        | Found an ornate altar of the Wu Jian Council.
   504 | D        | Found a radiant altar of Vehumet.
   508 | D        | Reached skill level 1 in Maces & Flails
   514 | D        | Identified a scroll of acquirement
   514 | D        | Acquired a +3 halberd of flaming
   521 | D        | Found Nurogikk's General Store.
   521 | D        | Found an ancient bone altar of Kikubaaqudgha.
   521 | D        | Found a hazy altar of Hepliaklqana.
   521 | D        | Found a stormy altar of Qazlal.
   521 | D        | Found a hide-covered altar of Uskayaw.
   521 | D        | Found a blossoming altar of Fedhas.
   521 | D        | Found a bloodstained altar of Trog.
   521 | D        | Found an iron altar of Okawaru.
   521 | D        | Found a basalt altar of Yredelemnul.
   521 | D        | Found a glowing golden altar of the Shining One.
   521 | D        | Found a snail-covered altar of Cheibriados.
   521 | D        | Found a sacrificial altar of Ru.
   521 | D        | Found a glowing silver altar of Zin.
   521 | D        | Found a shadowy altar of Dithmenos.
   521 | D        | Found a white marble altar of Elyvilon.
   521 | D        | Noticed a yak
   528 | D        | Killed a yak
   528 | D        | Reached skill level 11 in Fighting
   528 | D        | Reached XP level 7. HP: 52/88 MP: 7/7
   529 | D        | Found an opulent altar of Gozag.
   530 | D        | Found a sparkling altar of Nemelex Xobeh.
   710 | D        | Found a burning altar of Makhleb.
   710 | D        | Found a viscous altar of Jiyva.
   710 | D        | Found a shimmering altar of Xom.
   710 | D        | Found a corrupted altar of Lugonu.
   710 | D        | Noticed a slime creature
   718 | D        | Killed a slime creature
   718 | D        | Reached skill level 12 in Fighting
   968 | D        | Noticed a kobold demonologist
   969 | D        | Noticed a kobold demonologist
   970 | D        | Reached *** piety under Trog
   970 | D        | Reached skill level 1 in Stealth
   976 | D        | Killed a kobold demonologist
   976 | D        | Reached skill level 13 in Fighting
   976 | D        | Reached XP level 8. HP: 102/102 MP: 8/8
   981 | D        | Killed a kobold demonologist
   981 | D        | Reached **** piety under Trog
   981 | D        | Reached skill level 10 in Polearms
   981 | D        | Reached skill level 10 in Dodging
  1032 | D        | Noticed a demonic crawler
  1032 | D        | Noticed a demonic crawler
  1032 | D        | Noticed a demonic crawler
  1032 | D        | Noticed a demonic crawler
  1038 | D        | HP: 1/102 [demonic crawler (5)]
  1038 | D        | Slain by a demonic crawler

Illustrated notes

Levels and vault maps discovered:
D:        dungeon_sprint_1 [red_sonja_temple_1, red_sonja_temple_small_1]

Skill      XL: |  1  2  3  4  5  6  7  8 |
---------------+-------------------------+-----
Fighting       | 5 8 10 11 13 | 13.4
Polearms       | 4 5 7 8 9 10 | 10.4
Dodging        | 4 5 7 8 9 10 | 10.0
Maces & Flails | 2 3 |  3.5
Stealth        | 1 |  1.6

Action                   |  1- 3 |  4- 6 |  7- 9 || total
-------------------------+-------+-------+-------++-------
Melee: Spear             |    40 |       |       ||    40
       Giant spiked club |       |     9 |       ||     9
       Halberd           |       |     7 |    18 ||    25
Invok: Berserk           |       |       |     1 ||     1
       Brothers in Arms  |       |       |     1 ||     1
  Use: Potion            |       |     1 |     1 ||     2
       Scroll            |       |     1 |       ||     1
  Eat: Ration            |       |       |     1 ||     1
Armor: Animal skin       |     6 |     3 |    10 ||    19
Dodge: Dodged            |    16 |     5 |    29 ||    50
